Map: Cactus Valley LE (Void)

Players

Shamanas

  • Race: Terran Terran

MechDonald - Winner!

  • Race: Protoss Protoss

VOD

Have the link to the VOD?

Description

Time

  • Played on: May 1, 2015, 4:54 a.m.
  • Length: 13:00
Show
View Real Time Build Order
Export as new Build Order

Shamanas Terran 

Build Orders: MMM Bio 

Get SALT Encoding   

  12  0:01  SCV  
  13  0:13  SCV  
  14  0:18  Supply Depot  
  14  0:25  SCV  
  15  0:33  Refinery  
  15  0:41  Barracks  
  15  0:45  SCV  
  16  0:57  SCV  
  17  1:06  Supply Depot  
  17  1:09  SCV  
  18  1:28  Orbital Command  
  18  1:30  Reaper  
  19  1:49  Barracks  
  19  1:57  SCV  
  20  2:03  Reaper  
  20  2:05  Supply Depot  
  21  2:09  SCV  
  22  2:21  SCV  
  23  2:33  SCV  
  24  2:37  Reaper x2  
  25  2:49  SCV  
  26  2:53  Command Center  
  26  2:55  Factory  
  26  2:57  Refinery  
  26  2:58  Supply Depot  
  26  3:01  SCV  
  27  3:09  Reaper  
  28  3:23  SCV  
  29  3:39  SCV  
  28  3:41  Factory Tech Lab  
  28  3:51  Marine  
  27  4:02  Missile Turret  
  25  4:09  Marine  
  21  4:15  SCV  
  16  4:17  Orbital Command  
  16  4:27  Barracks Reactor  
  16  4:28  Barracks Tech Lab  
  16  4:33  SCV  
  17  4:45  SCV  
  18  4:54  SCV  
  18  4:57  SCV  
  20  5:05  Marine x2  
  20  5:06  Marine  
  23  5:13  SCV x2  
  22  5:16  Missile Turret  
  22  5:29  SCV x2  
  21  5:43  SCV  
  21  5:44  Marine  
  21  5:45  Marine x2  
  21  5:49  Stimpack, Orbital Command  
  23  5:57  SCV  
  23  6:02  Marine  
  25  6:05  Bunker  
  25  6:10  SCV  
  26  6:16  SCV  
  27  6:19  Marine x2  
  27  6:21  Cyclone  
  27  6:22  SCV  
  27  6:23  Missile Turret  
  33  6:26  Command Center  
  33  6:30  SCV  
  34  6:34  SCV  
  34  6:38  Marine x3  
  38  6:45  SCV, Barracks  
  38  6:46  SCV, Barracks  
  40  6:54  Starport  
  40  6:55  Refinery  
  40  6:56  Marine  
  41  7:04  SCV x2  
  41  7:07  Cyclone  
  46  7:10  Refinery  
  46  7:16  SCV  
  46  7:22  Missile Turret  
  47  7:26  Marine x2  
  47  7:27  Marine  
  47  7:29  SCV x2  
  52  7:36  Supply Depot, Starport Reactor  
  52  7:37  Barracks Reactor  
  52  7:39  Barracks Tech Lab  
  50  7:49  Combat Shields  
  50  7:54  SCV, Missile Turret x2  
  51  8:06  SCV x2  
  51  8:07  Missile Turret  
  51  8:12  Orbital Command  
  53  8:23  SCV x2  
  51  8:29  Missile Turret  
  51  8:35  SCV  
  51  8:43  SCV x2  
  51  8:47  SCV  
  51  8:48  Medivac  
  56  8:51  Medivac  
  56  8:55  SCV x2  
  60  9:09  SCV x3  
  62  9:19  Marine  
  62  9:20  Marine x5  
  62  9:22  Cyclone  
  71  9:37  SCV x2, Marine x2  
  75  9:39  Marine x4  
  75  9:40  Medivac  
  75  9:41  Medivac  
  83  9:46  Orbital Command  
  78  9:55  Marine  
  78  9:58  SCV x2, Marine x2  
  78  9:59  Marine x2  
  82  10:11  Marine  
  82  10:13  Marine  
  84  10:16  Marine  
  84  10:18  Supply Depot  
  84  10:19  Supply Depot  
  84  10:20  Supply Depot, Medivac  
  85  10:27  Medivac  
  84  10:29  Cyclone  
  84  10:31  SCV  
  85  10:35  SCV  
  85  10:36  SCV  
  85  10:37  Engineering Bay  
  85  10:38  Engineering Bay, Marine x3  
  79  10:43  Refinery  
  79  10:44  Refinery  
  79  10:46  Marine x3  
  79  10:49  SCV  
  79  10:56  Marine  
  71  10:57  SCV x2  
  73  11:04  SCV  
  73  11:05  Missile Turret  
  73  11:07  Marine x3  
  73  11:08  Marine  
  73  11:09  SCV  
  79  11:14  SCV  
  79  11:16  SCV  
  81  11:27  SCV x2  
  83  11:33  Barracks Reactor  
  83  11:38  Barracks, Starport Reactor  
  83  11:45  Marine x3  
  83  11:46  SCV  
  83  11:47  SCV x2  
  89  11:51  Supply Depot x2  
  89  11:58  SCV  
  89  11:59  SCV x2  
  85  12:04  Marine x4  
  85  12:06  Cyclone  
  91  12:22  Marine x2  
  93  12:23  Marine x2  
  93  12:24  Marine x2  
  96  12:30  Barracks Reactor  
  95  12:40  Marine x2  
Show
View Real Time Build Order
Export as new Build Order

MechDonald Protoss - Winner!

Build Orders: Oracle Opening, Oracle Opening 

Get SALT Encoding   

  12  0:01  Probe  
  13  0:14  Pylon  
  13  0:18  Probe  
  14  0:32  Probe (Chrono Boost)  
  15  0:38  Gateway  
  15  0:42  Probe (Chrono Boost)  
  16  0:45  Assimilator  
  16  0:49  Probe  
  17  0:52  Assimilator  
  17  1:01  Probe  
  18  1:11  Pylon  
  18  1:13  Probe  
  19  1:25  Cybernetics Core, Probe (Chrono Boost)  
  20  1:36  Zealot (Chrono Boost)  
  20  1:37  Probe (Chrono Boost)  
  23  1:54  Probe  
  23  2:00  Pylon  
  24  2:03  Stargate  
  24  2:07  Probe  
  25  2:19  Mothership Core  
  27  2:29  Stalker  
  29  2:47  Oracle (Chrono Boost)  
  30  2:51  Probe  
  31  3:00  Pylon  
  31  3:06  Probe  
  32  3:13  Nexus  
  32  3:18  Probe  
  31  3:32  Probe (Chrono Boost)  
  29  3:41  Robotics Facility  
  29  3:42  Probe (Chrono Boost)  
  29  3:50  Probe (Chrono Boost)  
  30  3:58  Stalker, Probe  
  33  4:05  Warp Gate (Chrono Boost)  
  33  4:13  Probe (Chrono Boost)  
  35  4:26  Probe (Chrono Boost)  
  35  4:33  Warp Prism  
  35  4:34  Robotics Bay  
  35  4:36  Probe  
  38  4:41  Probe  
  38  4:52  Probe (Chrono Boost)  
  39  4:56  Stalker  
  42  5:00  Probe (Chrono Boost)  
  42  5:10  Probe x2 (Chrono Boost)  
  44  5:19  Probe  
  44  5:20  Probe  
  50  5:29  Disruptor (Chrono Boost)  
  50  5:31  Probe, Assimilator  
  50  5:33  Assimilator  
  51  5:36  Pylon  
  51  5:41  Probe  
  50  5:43  Probe  
  50  5:54  Probe (Chrono Boost)  
  51  6:03  Probe (Chrono Boost), Disruptor (Chrono Boost)  
  56  6:05  Gateway  
  56  6:09  Gateway  
  56  6:10  Gateway  
  56  6:13  Probe (Chrono Boost)  
  56  6:15  Probe (Chrono Boost)  
  56  6:18  Forge  
  58  6:19  Pylon  
  58  6:24  Stalker  
  60  6:29  Probe (Chrono Boost)  
  60  6:32  Probe (Chrono Boost)  
  62  6:39  Probe (Chrono Boost)  
  64  6:40  Probe (Chrono Boost)  
  64  6:46  Protoss Ground Weapons Level 1 (Chrono Boost)  
  68  6:49  Probe (Chrono Boost)  
  68  6:50  Disruptor (Chrono Boost)  
  70  6:56  Probe (Chrono Boost), Pylon  
  70  7:00  Probe (Chrono Boost)  
  71  7:04  Probe (Chrono Boost)  
  71  7:06  Probe, Disruptor x2  
  73  7:11  Twilight Council, Pylon  
  73  7:25  Probe  
  73  7:26  Immortal (Chrono Boost)  
  78  7:31  Zealot x4  
  78  7:34  Probe  
  87  7:44  Disruptor x2  
  87  7:50  Charge (Chrono Boost)  
  87  7:54  Pylon  
  87  7:56  Pylon  
  87  7:58  Pylon  
  87  8:01  Probe  
  87  8:02  Probe  
  89  8:13  Probe, Nexus  
  89  8:15  Pylon  
  90  8:29  Probe  
  90  8:30  Disruptor  
  90  8:31  Disruptor  
  90  8:33  Protoss Ground Weapons Level 2 (Chrono Boost)  
  91  8:34  Zealot  
  91  8:35  Zealot x3  
  91  8:39  Warp Prism  
  101  8:44  Photon Cannon  
  101  8:46  Probe  
  99  9:13  Disruptor  
  99  9:15  Probe x2  
  101  9:17  Disruptor  
  101  9:20  Stalker x3  
  107  9:25  Probe  
  107  9:27  Probe, Blink (Chrono Boost)  
  109  9:37  Probe  
  109  9:38  Probe  
  111  9:40  Probe  
  111  9:41  Assimilator  
  111  9:44  Assimilator  
  112  9:48  Pylon  
  112  9:49  Pylon  
  112  9:56  Stalker x2  
  112  9:57  Stalker x2  
  120  10:01  Probe x3, Disruptor  
  120  10:05  Gravitic Drive (Chrono Boost)  
  127  10:11  Disruptor x2 (Chrono Boost)  
  127  10:15  Probe  
  127  10:20  Disruptor  
  126  10:30  Zealot x4  
  128  11:00  Stalker x3  
  128  11:01  Stalker  
  122  11:05  Gateway  
  122  11:09  Gateway  
  122  11:12  Gateway  
  122  11:14  Pylon x2  
  122  11:15  Pylon  
  122  11:24  Disruptor  
  122  11:25  Zealot x4  
  126  11:34  Templar Archives  
  126  11:40  Void Ray  
  128  12:09  Disruptor  
  128  12:10  Assimilator  
  128  12:11  Nexus, Zealot x4  
  128  12:13  Assimilator  
  136  12:15  Pylon  
  136  12:16  Pylon  
  136  12:17  Pylon  
  136  12:22  High Templar x3  
  146  12:35  Observer  
  147  12:44  Gateway  
  139  12:47  Gateway  
  139  12:49  Gateway  
  129  12:52  Gateway  
  129  12:53  Gateway  
  130  13:00  Zealot x2  
Tags
 
Add a new tag
Caveats
  • Supply blocks, unpowered buildings, or Contaminate may cause inaccurate times.
  • Supply counts are checked every 10 seconds.